 Dungeon Crawl Stone Soup version 0.30-a0-777-ga9a30cbeda (webtiles) character file.

Game seed: 1553489226972210488

60 jimonade the Magician (level 3, -1/24 HPs)
             Began as a Mummy Ice Elementalist on Feb 13, 2023.
             Killed from afar by a white imp (6 damage)
             ... with a puff of frost
             ... summoned by Natasha
             ... on level 2 of the Dungeon.
             The game lasted 00:02:53 (1443 turns).

jimonade the Magician (Mummy Ice Elementalist)      Turns: 1443, Time: 00:02:54

Health: -1/24      AC:  3    Str: 11    XL:     3   Next: 82%
Magic:  4/9        EV: 12    Int: 16    God:
Gold:   104        SH:  0    Dex: 12    Spells: 4/11 levels left

rFire   x . .      SeeInvis .    (no weapon)
rCold   + . .      Faith    +    (no shield)
rNeg    + + +      Spirit   .    a - +0 robe
rPois   ∞          Reflect  .    (no helmet)
rElec   .          Harm     .    (no cloak)
rCorr   .          Rampage  .    c - +0 pair of gloves
Will    .....                    (no boots)
Stlth   ++                       (no amulet)
HPRegen 0.24/turn                (no ring)
MPRegen 0.11/turn                (no ring)

@: no status effects
A: cold resistance 1, negative energy resistance 3, torment resistance 2, heat
vulnerability 1, in touch with death 1, no potions, faith
a: no special abilities


You were on level 2 of the Dungeon.
You visited 1 branch of the dungeon, and saw 2 of its levels.

You collected 104 gold pieces.

Inventory:

Hand Weapons
 f - a +0 sling
Armour
 a - a +0 robe (worn)
 c - a +0 pair of gloves (worn)
Scrolls
 b - a scroll of blinking
 d - a scroll of identify
 e - a scroll of enchant weapon {unknown}


   Skills:
 + Level 1.6 Dodging
 - Level 1.5 Stealth
 * Level 4.5 Spellcasting
 + Level 3.6 Ice Magic


You had 4 spell levels left.
You knew the following spells:

 Your Spells              Type           Power      Damage    Failure   Level
a - Freeze                Ice            60%        1d7       3%          1
b - Frozen Ramparts       Ice            30%        1d5       11%         3
c - Ozocubu's Armour      Ice            15%        N/A       11%         3

Your spell library contained the following spells:

 Spells                   Type           Power      Damage    Failure   Level
 Summon Ice Beast         Ice/Summ       9%         N/A       58%         4
 Iskenderun's Battlesphe  Conj           3%         2d6       99%         5
 Iron Shot                Conj/Erth      1%         9d1       100%        6
 Spellforged Servitor     Conj/Summ      1%         N/A       100%        7


Dungeon Overview and Level Annotations

Branches:
Dungeon (2/15)

Altars:

Annotations:
D:2 Natasha


Innate Abilities, Weirdness & Mutations

You are immune to poison.
Your flesh is cold resistant. (rC+)
You are immune to negative energy. (rN+++)
You are immune to unholy pain and torment.
You are vulnerable to heat. (rF-)
You are in touch with the powers of death.
You do not drink.
You have a special connection with the divine. (Faith)


Message History

Natasha is severely wounded.
Natasha misses you.
Aiming: Freeze (safe; 4% risk of failure)
Press: ? - help, Q - select action Shift-Dir - straight line, f/p - Natasha
Aim: Natasha (severely wounded)
You freeze Natasha.
Natasha is almost dead.
Natasha closely misses you.
Aiming: Freeze (safe; 4% risk of failure)
Press: ? - help, Q - select action Shift-Dir - straight line, f/p - Natasha
Aim: Natasha (almost dead)
You freeze Natasha!
You kill Natasha!
Natasha growls in agony!
Natasha, Servant of Life and Death comes into view.
You hit Natasha.
Natasha is moderately wounded.
Natasha howls an incantation.
Natasha shimmers violently.
Natasha claws you.
You hit Natasha but do no damage.
Natasha is moderately wounded.
Natasha mumbles some strange words.
Unknown command.
Aiming: Freeze (safe; 3% risk of failure)
Press: ? - help, Q - select action Shift-Dir - straight line, f - Natasha
Aim: Natasha (moderately wounded)
You freeze Natasha!
Natasha is severely wounded.
Natasha claws you!
* * * LOW HITPOINT WARNING * * *
Aiming: Freeze (safe; 3% risk of failure)
Press: ? - help, Q - select action Shift-Dir - straight line, f/p - Natasha
Aim: Natasha (severely wounded)
You freeze Natasha.
Natasha is almost dead.
Natasha barely misses you. The white imp gestures at you.
The puff of frost hits you. You resist.
You die...

###.......# #................#.##
.##.......# ##### ##...........#
.####################.###########
.# #...........# .# #.........[.#
.# #...........# .# ##
#.............# .. .....
#####.5h##....# .. .....
#.@.##....#
.....#######...##....#
...............##....#
.............### ......
............# .... ###........#
#........# #....)...# #........#


You could see Natasha and a white imp (summoned).

Vanquished Creatures
  Natasha (D:2)
  A dart slug (D:1)
  4 endoplasms
  A giant cockroach (D:1)
  2 goblins (D:1)
  4 hobgoblins
  2 jackals (D:1)
  3 quokkas (D:1)
  2 ball pythons (D:1)
  2 bats (D:1)
  4 frilled lizards (D:1)
  2 kobolds (D:1)
  3 rats (D:1)
31 creatures vanquished.

Notes
Turn   | Place    | Note
-------+----------+-------------------------------------------
     0 | D:1      | jimonade the Mummy Ice Elementalist began the quest for the
                  | Orb.
     0 | D:1      | Reached XP level 1. HP: 13/13 MP: 4/4
   161 | D:1      | Reached skill level 3 in Spellcasting
   239 | D:1      | Reached XP level 2. HP: 19/19 MP: 3/6
   812 | D:1      | Reached skill level 4 in Spellcasting
   812 | D:1      | Gained mutation: You are in touch with the powers of death.
                  | [Mummy growth]
   812 | D:1      | Reached XP level 3. HP: 24/24 MP: 3/8
  1295 | D:1      | Learned a level 3 spell: Frozen Ramparts
  1299 | D:1      | Learned a level 3 spell: Ozocubu's Armour
  1404 | D:2      | Noticed Natasha
  1420 | D:2      | Killed Natasha
  1438 | D:2      | Noticed Natasha
  1443 | D:2      | Killed from afar by a white imp

Illustrated notes

Levels and vault maps discovered:
D:1:      kilobyte_arrival_exit_the_forest, layout_rooms, st_stairs_3,
          minmay_unequal
D:2:      layout_basic, uniq_natasha, uniq_robin

Skill      XL: |  1  2 |
---------------+-------+-----
Spellcasting   | 3 4 |  4.5
Dodging        | |  1.6
Stealth        | |  1.5
Ice Magic      | |  3.6

Action                     || total
---------------------------++-------
  Melee: Unarmed           ||    18
   Cast: Freeze            ||    54
    Use: Scroll            ||     2
   Stab: Sleeping          ||     1
 Armour: Robe              ||     7
  Dodge: Dodged            ||    37

Table legend: (Time is in decaauts)
 A = Elapsed time spent in this place.
 B = Non-inter-level travel time spent in this place.
 C = Inter-level travel time spent in this place.
 D = Time resting spent in this place.
 E = Time spent auto-exploring this place.
 F = Levels seen in this place.
 G = Mean time per level.
                   A        B        C        D        E       F      G
               +--------+--------+--------+--------+--------+-----+--------+
         Total |   1451 |   1389 |     62 |     56 |   1059 |   2 |  725.5 |
       Dungeon |   1451 |   1389 |     62 |     56 |   1059 |   2 |  725.5 |
               +--------+--------+--------+--------+--------+-----+--------+

Top non-repeatable levels by time:
     D:1: 1250 daAuts
     D:2: 201 daAuts
